 Dungeon Crawl Stone Soup version 0.27.1-33-g824d729ab1 (webtiles) character file.

Game seed: 10222958018548184638

130 belegose the Poker (level 5, -2/41 HPs)
             Began as a Merfolk Gladiator on Dec 17, 2021.
             Slain by an orc priest (5 damage)
             ... on level 2 of the Dungeon.
             The game lasted 00:07:01 (3274 turns).

belegose the Poker (Merfolk Gladiator)              Turns: 3274, Time: 00:07:02

Health: -2/41      AC:  7    Str: 12 (14) XL:     5   Next: 13%
Magic:  0/5        EV: 12    Int:  6 (9)  God:
Gold:   283        SH:  0    Dex: 12 (15) Spells: 4/4 levels left

rFire    . . .     SeeInvis .   m - +3 scimitar
rCold    . . .     Faith    .   (no shield)
rNeg     . . .     Spirit   +   s - +0 ring mail
rPois    .         Reflect  .   c - +0 helmet
rElec    .         Harm     .   r - +0 cloak
rCorr    .         Rampage  .   (no gloves)
Will     .....                  (no boots)
Stlth    +.........             e - amulet of guardian spirit
HPRegen  0.13/turn              (no ring)
MPRegen  0.09/turn              (no ring)

@: no status effects
A: (nimble swimmer 2), mertail
a: no special abilities


You were on level 2 of the Dungeon.
You visited 1 branch of the dungeon, and saw 3 of its levels.

You collected 283 gold pieces.

Inventory:

Hand Weapons
 a - a +0 trident
 m - a +3 scimitar (weapon)
 q - a +1 vampiric falchion
Missiles
 d - 3 throwing nets (quivered)
 l - 19 stones
Armour
 c - a +0 helmet (worn)
 r - a +0 cloak (worn)
 s - a +0 ring mail (worn)
Jewellery
 e - an amulet of guardian spirit (around neck)
Scrolls
 h - a scroll of brand weapon {unknown}
 i - a scroll of blinking {unknown}
 k - 5 scrolls of identify {unknown}
 n - a scroll of amnesia {unknown}
 o - a scroll of teleportation {unknown}
Potions
 b - a potion of lignification {unknown}
 f - a potion of degeneration
 g - a potion of brilliance {unknown}
 j - a potion of might {unknown}
 p - a potion of magic {unknown}


   Skills:
 + Level 3.2 Fighting
 + Level 1.1 Long Blades
 - Level 5.2 Polearms
 + Level 2.9 Throwing
 + Level 5.0 Dodging
 + Level 1.2 Stealth


You had 4 spell levels left.
You didn't know any spells.
Your spell library was empty.

Dungeon Overview and Level Annotations

Branches:
Dungeon (3/15)

Altars:


Innate Abilities, Weirdness & Mutations

((You are quick and stealthy near water. (Stealth+, EV+, Speed+++)))
Your lower body shifts to a powerful aquatic tail in water.


Message History

The orc priest mumbles some strange prayers to Beogh against you.
You barely resist. You hit the orc priest.
You feel better.
The orc priest is lightly wounded.
The orc barely misses you.
The orc priest hits you but does no damage.
You hit the orc priest.
You feel better.
The orc priest is lightly wounded.
The orc priest calls upon Beogh to heal the orc.
The orc's wounds heal themselves!
The orc hits you but does no damage.
The orc priest hits you with a +0 short sword of speed.
You barely miss the orc priest.
The orc priest is lightly wounded.
The orc barely misses you.
The orc priest mumbles some strange prayers to Beogh against you.
Pain shoots through your body! The orc closely misses you.
You riposte.
You hit the orc.
The orc is heavily wounded.
You feel the dreadful sensation subside.
m - a +3 scimitar (weapon)
The orc priest calls down the wrath of Beogh upon you.
Beogh smites you!
You closely miss the orc priest.
The orc priest is lightly wounded.
The orc misses you.
The orc priest invokes the aid of Beogh against you.
Beogh smites you!
* * * LOW HITPOINT WARNING * * *
The orc hits you but does no damage.
You hit the orc priest but do no damage.
The orc priest is lightly wounded.
The orc priest calls down the wrath of Beogh upon you.
Pain shoots through your body!
* * * LOW HITPOINT WARNING * * *
The orc barely misses you.
It was a potion of degeneration.
There was something very wrong with that liquid.
You feel weakened.
You feel dopey.
You feel clumsy.
The orc priest hits you with a +0 short sword of speed.
You die...

......#.#...##....##.# #...##..
............##....##.# #.#.###.
#.##.......###.....#.# #.#.# #.
#'##.........#.....#.#####.#.###.
.............#...................
.....#.......#.###.###...#.......
....##.......#.#####........###..
....###.....##..o# #.............
....# ####.##.>.@# #####.#####...
##### #.....o)### ####......
#.#.....).# #...... #
#.#.)..###### #...... #
######.#.#.......# #......
#####................# ######.
...##.##...#.........# #.
...##.##...#...<.....# #.
......##.............# #.


You could see an orc priest and an orc.

Vanquished Creatures
  An orc wizard (D:3)
  A worm (D:2)
  2 dart slugs (D:2)
  8 orcs
  9 endoplasms
  2 giant cockroaches (D:1)
  5 goblins
  8 hobgoblins
  8 jackals
  4 quokkas
  6 ball pythons
  9 bats
  3 frilled lizards
  6 kobolds
  7 rats
79 creatures vanquished.

Vanquished Creatures (others)
  3 toadstools (D:3)
3 creatures vanquished.

Grand Total: 82 creatures vanquished

Notes
Turn   | Place    | Note
-------+----------+-------------------------------------------
     0 | D:1      | belegose the Merfolk Gladiator began the quest for the Orb.
     0 | D:1      | Reached XP level 1. HP: 16/16 MP: 1/1
   290 | D:1      | Reached XP level 2. HP: 23/23 MP: 2/2
   329 | D:1      | Found a faded altar of an unknown god.
   544 | D:1      | Reached XP level 3. HP: 28/28 MP: 3/3
   808 | D:1      | Reached skill level 5 in Polearms
  1240 | D:1      | HP: 1/28 [iguana (10)]
  1684 | D:2      | Reached XP level 4. HP: 34/34 MP: 2/4
  2768 | D:3      | Reached skill level 1 in Stealth
  2849 | D:3      | Reached skill level 5 in Dodging
  2897 | D:3      | Reached XP level 5. HP: 41/41 MP: 5/5
  2898 | D:3      | Reached skill level 1 in Long Blades
  3274 | D:2      | Slain by an orc priest

Illustrated notes

Levels and vault maps discovered:
D:1:      arrival_zaba_pyramid, layout_loops_ring,
          hellmonk_ecumenical_altar_blasted
D:2:      layout_basic
D:3:      layout_basic, minmay_gold_behind_fungi

Skill      XL: |  1  2  3  4  5 |
---------------+----------------+-----
Polearms       | 5 |  5.2
Fighting       | 3 |  3.2
Stealth        | 1 |  1.2
Dodging        | 5 |  5.0
Long Blades    | 1 |  1.1
Throwing       | |  2.9

Action                   |  1- 3 |  4- 6 || total
-------------------------+-------+-------++-------
Melee: Trident           |    88 |       ||    88
       Scimitar          |    21 |    25 ||    46
       Falchion          |       |    73 ||    73
Throw: Stone             |    12 |       ||    12
       Throwing net      |     2 |       ||     2
  Use: Potion            |       |     1 ||     1
 Stab: Sleeping          |     1 |     1 ||     2
Armor: Leather armour    |    27 |    20 ||    47
       Ring mail         |       |    10 ||    10
Dodge: Dodged            |    50 |    77 ||   127
       Rpst.: Scimitar   |     1 |     4 ||     5
       Falchion          |       |    20 ||    20
